 Dungeon Crawl Stone Soup version 0.13-a0-2923-g04ac8d1 (webtiles) character file.

211 PolkaDot the Sneak (level 5, 0/33 HPs)
             Began as a Vampire Wizard on Sept 2, 2013.
             Slain by a giant gecko (5 damage)
             ... on Level 3 of the Dungeon.
             The game lasted 00:15:20 (2274 turns).

PolkaDot the Sneak (Vampire Wizard)                 Turns: 2274, Time: 00:15:21

HP   0/33        AC  3     Str  6      XL: 5   Next:  2%
MP   5/13        EV 18     Int 26      God:
Gold 71          SH  0     Dex 17      Spells:  3 memorised,  3 levels left

Res.Fire  : . . .   See Invis. : +   q - +1,+0 elf dagger
Res.Cold  : . . .   Warding    : .   a - +0 robe
Life Prot.: . . .   Conserve   : .   (no shield)
Res.Poison: .       Res.Corr.  : .   b - +0 wizard hat
Res.Elec. : .       Clarity    : .   (no cloak)
Sust.Abil.: . .     Spirit.Shd : .   n - +0 pair of gauntlets
Res.Mut.  : .       Stasis     : .   (no boots)
Res.Rott. : .       Flight     : .   (no amulet)
Saprovore : . . .                    (no ring)
                                     (no ring)

@: regenerating very quickly, brilliant, agile, very poisoned, slightly
resistant to hostile enchantments, fairly stealthy
A: fangs 3, see invisible, unbreathing
a: no special abilities


You were on level 3 of the Dungeon.
You were almost alive.

You visited 1 branch of the dungeon, and saw 3 of its levels.

You collected 51 gold pieces.

Inventory:

Hand weapons
 q - a +1,+0 elven dagger (weapon)
Armour
 a - a +0 robe (worn)
 b - a +0 wizard hat (worn)
 n - a +0 pair of gauntlets (worn)
Magical devices
 s - a wand of invisibility (3)
Scrolls
 e - 2 scrolls of recharging {unknown}
 f - a scroll of random uselessness {unknown}
 g - 3 scrolls of identify {unknown}
 h - a scroll of blinking {unknown}
 i - 4 scrolls of remove curse {unknown}
 k - a scroll of teleportation {unknown}
 l - a scroll of amnesia {unknown}
 m - a scroll of noise {unknown}
 p - a scroll of fear {unknown}
Potions
 j - a potion of curing
Books
 c - a book of Minor Magic

   Spells                             Type                      Level
   *Magic Dart                        Conjuration                  1
   Blink                              Translocation                2
   Call Imp                           Summoning                    2
   Repel Missiles                     Charms/Air                   2
   Slow                               Hexes                        2
   *Conjure Flame                     Conjuration/Fire             3
   *Mephitic Cloud                    Conjuration/Poison/Air       3


   Skills:
 - Level 2.1 Dodging
 - Level 4.2 Stealth
 - Level 3.0 Spellcasting
 * Level 3.0 Conjurations
   Level 1.0 Summonings
   Level 0.7 Translocations
 + Level 1.4 Air Magic


You had 3 spell levels left.
You knew the following spells:

 Your Spells              Type           Power        Failure   Level  Hunger
a - Magic Dart            Conj           ####         1%          1    None
d - Mephitic Cloud        Conj/Pois/Air  ####....     2%          3    ###....
s - Conjure Flame         Conj/Fire      ####....     2%          3    ###....


Dungeon Overview and Level Annotations

Branches:
Dungeon (3/27)

Altars:
Fedhas
Trog
Yredelemnul


Innate Abilities, Weirdness & Mutations

Your natural rate of healing is extremely fast.
You have razor-sharp teeth.*
You have supernaturally acute eyesight.
You can survive without breathing.*


Message History

You hit the giant centipede but do no damage.
The giant centipede is almost dead.
You feel sick. The giant centipede misses you.
You hit the giant centipede.
You kill the giant centipede!
You have reached level 5!
You feel very sick.
* * * LOW HITPOINT WARNING * * *
You feel sick.
* * * LOW HITPOINT WARNING * * *
You feel sick.
You feel a little better. The giant gecko misses you.
The giant gecko closely misses you.
* * * LOW HITPOINT WARNING * * *
You feel very sick. The giant gecko completely misses you.
* * * LOW HITPOINT WARNING * * *
You feel very sick. The giant gecko bites you.
You die...

#<#
#≈######≈###
#.####
#.###≈≈≈
#≈%≈# #.....
#.#.#≈≈≈
#≈≈≈#
#######
#...##≈#
##%##
#......
###..#≈# #≈#
#.#####
##.#≈# #≈#
###≈## ##≈##
.#####
#≈≈≈####≈≈≈#
......
#≈≈ssl@≈≈≈≈#
..####
##≈######≈##
### ###


You could see 2 giant centipedes and a giant gecko.

Vanquished Creatures
  Jessica (D:3)
  An adder (D:3)
  2 giant centipedes (D:3)
  A worm (D:2)
  A grey rat (D:3)
  2 giant geckos
  2 oozes
  5 orcs (D:3)
  8 bats
  5 giant cockroaches
  11 hobgoblins
  4 jackals (D:1)
  7 kobolds
  4 quokkas
  5 giant newts
  8 goblins
  8 rats
75 creatures vanquished.

Notes
Turn   | Place    | Note
--------------------------------------------------------------
     0 | D:1      | PolkaDot, the Vampire Wizard, began the quest for the Orb.
     0 | D:1      | Reached XP level 1. HP: 11/11 MP: 6/6
   158 | D:1      | Reached skill level 1 in Conjurations
   261 | D:1      | Reached XP level 2. HP: 17/17 MP: 6/8
   600 | D:1      | Reached XP level 3. HP: 11/22 MP: 1/10
   611 | D:1      | Learned a level 3 spell: Mephitic Cloud
   615 | D:1      | Learned a level 3 spell: Conjure Flame
   879 | D:2      | Found a blossoming altar of Fedhas.
   910 | D:2      | Found a bloodstained altar of Trog.
  1108 | D:2      | Found a basalt altar of Yredelemnul.
  1262 | D:2      | Reached skill level 4 in Stealth
  1781 | D:3      | Reached XP level 4. HP: 28/28 MP: 6/12
  1991 | D:3      | Noticed Jessica
  1996 | D:3      | Killed Jessica
  2034 | D:3      | Reached skill level 1 in Air Magic
  2270 | D:3      | Reached XP level 5. HP: 12/33 MP: 4/13
  2274 | D:3      | Slain by a giant gecko

Action                   |  1- 3 |  4- 6 || total
-------------------------+-------+-------++-------
Melee: Dagger            |    35 |    40 ||    75
 Cast: Magic Dart        |   110 |    36 ||   146
       Conjure Flame     |     2 |     3 ||     5
       Mephitic Cloud    |       |     3 ||     3
  Use: Potion            |       |     4 ||     4
 Stab: Confused          |       |     1 ||     1
